Map: 2000 Atmospheres LE

Players

ForJumy

  • Race: Protoss Protoss

Clem - Winner!

  • Race: Terran Terran

Event: DreamHack SC2 Masters 2021 Winter

VOD

Have the link to the VOD?

Description

Time

  • Played on: Oct. 3, 2021, 10:13 a.m.
  • Length: 9:28

All games in this series

Show
View Real Time Build Order
Export as new Build Order

ForJumy Protoss 

Build Orders: 1 Gate Expand, Oracle Opening 

Get SALT Encoding   

  12  0:00  Probe  
  13  0:12  Probe  
  14  0:16  Pylon  
  14  0:24  Probe (Chrono Boost)  
  15  0:34  Gateway  
  15  0:36  Probe (Chrono Boost)  
  16  0:45  Probe (Chrono Boost)  
  16  0:46  Assimilator  
  17  0:50  Probe  
  18  1:03  Probe  
  19  1:15  Probe  
  20  1:22  Nexus  
  20  1:32  Cybernetics Core  
  20  1:35  Probe  
  21  1:40  Assimilator  
  21  1:48  Pylon  
  21  1:50  Probe  
  22  2:02  Probe  
  22  2:06  Stalker (Chrono Boost)  
  25  2:15  Probe  
  25  2:17  Stargate  
  26  2:27  Warp Gate  
  26  2:28  Probe (Chrono Boost)  
  27  2:34  Probe (Chrono Boost)  
  27  2:36  Stalker  
  30  2:40  Probe (Chrono Boost)  
  32  2:44  Probe (Chrono Boost)  
  32  2:46  Probe (Chrono Boost)  
  32  2:49  Probe (Chrono Boost)  
  34  2:54  Probe  
  35  3:01  Probe  
  35  3:04  Oracle  
  39  3:06  Probe  
  39  3:10  Gateway  
  40  3:15  Probe  
  40  3:18  Probe  
  42  3:27  Probe  
  42  3:28  Twilight Council  
  42  3:32  Gateway  
  42  3:33  Assimilator, Probe  
  44  3:38  Pylon  
  44  3:40  Probe  
  45  3:45  Probe  
  46  3:56  Probe  
  46  3:57  Probe  
  46  4:01  Nexus  
  48  4:04  Blink (Chrono Boost)  
  48  4:07  Pylon  
  48  4:15  Stalker  
  48  4:17  Stalker  
  52  4:23  Probe  
  53  4:25  Shield Battery x2  
  53  4:27  Stalker  
  55  4:40  Stalker x2  
  55  4:42  Pylon  
  55  4:44  Probe  
  60  4:48  Probe  
  61  4:56  Probe, Pylon  
  61  4:57  Forge  
  62  5:01  Stalker, Probe  
  65  5:07  Stalker x2  
  65  5:12  Probe x2 (Chrono Boost)  
  72  5:14  Probe (Chrono Boost)  
  72  5:19  Pylon  
  73  5:22  Probe x2 (Chrono Boost)  
  73  5:23  Probe (Chrono Boost)  
  73  5:27  Stalker  
  73  5:28  Probe  
  77  5:29  Robotics Facility  
  77  5:31  Stalker  
  77  5:32  Probe  
  77  5:33  Probe  
  82  5:38  Protoss Ground Armor Level 1  
  82  5:40  Probe  
  83  5:44  Probe, Charge (Chrono Boost)  
  83  5:45  Gateway  
  83  5:49  Gateway  
  84  6:02  Gateway  
  84  6:03  Gateway  
  84  6:06  Gateway  
  84  6:07  Gateway  
  84  6:10  Stalker x2  
  86  6:11  Gateway  
  84  6:21  Probe (Chrono Boost)  
  70  6:30  Probe (Chrono Boost)  
  71  6:33  Probe x2 (Chrono Boost)  
  71  6:38  Probe (Chrono Boost)  
  74  6:40  Probe x2 (Chrono Boost), Sentry x2  
  74  6:41  Zealot x2  
  74  6:45  Pylon  
  82  6:47  Probe  
  82  6:50  Probe  
  82  6:53  Immortal (Chrono Boost), Zealot  
  82  6:56  Probe  
  82  6:59  Probe  
  88  7:02  Zealot x6, Probe  
  101  7:08  Assimilator, Probe  
  101  7:11  Assimilator, Probe  
  101  7:14  Probe  
  104  7:18  Zealot x3  
  104  7:21  Probe, Pylon  
  109  7:26  Robotics Bay  
  109  7:33  Probe  
  109  7:34  Observer (Chrono Boost), Probe  
  105  7:39  Zealot x5  
  105  7:42  Probe  
  114  7:45  Probe  
  111  7:51  Stalker x3  
  111  7:53  Observer (Chrono Boost)  
  111  7:55  Probe x2  
  114  8:10  Zealot x4  
  116  8:16  Colossus (Chrono Boost)  
  111  8:25  Probe  
  111  8:26  Assimilator  
  111  8:27  Stalker  
  116  8:29  Pylon  
  116  8:31  Dark Shrine, Pylon  
  114  8:36  Zealot x3  
  114  8:38  Zealot  
  114  8:39  Zealot x2  
  114  8:46  Probe  
  108  8:55  Zealot x4  
  114  8:56  Probe  
  114  9:02  Zealot x4  
  115  9:13  Zealot x2  
  116  9:23  Stalker x4  
Show
View Real Time Build Order
Export as new Build Order

Clem Terran - Winner!

Build Orders:  

Get SALT Encoding   

  12  0:00  SCV  
  13  0:12  SCV  
  14  0:17  Supply Depot  
  14  0:24  SCV  
  15  0:38  SCV  
  15  0:40  Barracks  
  16  0:44  Refinery  
  16  0:50  SCV  
  17  1:02  SCV  
  18  1:15  SCV  
  19  1:28  Barracks Reactor, Orbital Command  
  19  1:41  Command Center  
  19  1:50  Supply Depot  
  19  1:54  SCV  
  20  2:04  Marine  
  20  2:05  Reaper  
  20  2:06  SCV  
  23  2:18  SCV  
  23  2:19  Bunker  
  23  2:22  Factory  
  24  2:23  Marine  
  25  2:30  SCV  
  25  2:31  Refinery  
  26  2:41  Marine x2  
  26  2:42  SCV  
  29  2:53  Orbital Command  
  29  2:55  SCV  
  30  3:00  Marine  
  30  3:01  Marine  
  32  3:06  Starport  
  32  3:07  Factory Tech Lab  
  32  3:08  SCV  
  33  3:18  Marine x2  
  33  3:19  SCV  
  36  3:23  SCV  
  36  3:26  Cyclone  
  39  3:28  Supply Depot  
  39  3:31  SCV  
  40  3:37  Marine x2  
  40  3:38  SCV  
  43  3:43  Medivac, SCV  
  43  3:48  Barracks  
  46  3:50  SCV  
  46  3:54  Supply Depot  
  47  3:55  SCV  
  47  4:00  Cyclone  
  47  4:02  Marine x2  
  52  4:05  SCV  
  54  4:12  Barracks  
  54  4:16  SCV  
  55  4:17  Supply Depot  
  55  4:20  Starport Tech Lab, Marine x2  
  55  4:21  SCV  
  58  4:26  Engineering Bay  
  58  4:28  SCV  
  58  4:33  SCV  
  58  4:34  Refinery  
  59  4:40  SCV  
  59  4:42  Stimpack, Factory Reactor  
  59  4:44  Marauder  
  62  4:46  SCV  
  62  4:47  Starport Reactor  
  62  4:49  Supply Depot  
  62  4:50  Marine  
  62  4:51  Marine  
  65  4:59  Supply Depot, SCV  
  66  5:03  SCV, Refinery  
  66  5:06  Marauder  
  69  5:07  Supply Depot  
  69  5:09  Terran Infantry Weapons Level 1  
  69  5:11  SCV  
  69  5:12  Marauder  
  72  5:17  Marine x2  
  72  5:19  SCV  
  75  5:25  Supply Depot, Combat Shield  
  75  5:27  Marauder, SCV  
  78  5:31  SCV  
  81  5:36  Supply Depot  
  81  5:38  Marine x2  
  81  5:42  Medivac  
  85  5:45  Medivac  
  88  5:51  Marauder  
  88  5:52  Marauder, Supply Depot  
  88  5:53  SCV x2  
  91  6:00  Marine x2  
  91  6:01  Supply Depot  
  91  6:08  Widow Mine x2  
  94  6:13  Marauder  
  94  6:15  Marauder  
  98  6:20  Command Center  
  98  6:21  Marine  
  99  6:28  Marine  
  99  6:29  Medivac x2  
  104  6:32  Supply Depot  
  104  6:35  Widow Mine x2  
  104  6:37  Concussive Shells  
  110  6:40  Marauder  
  110  6:42  Marauder  
  110  6:43  Marine  
  110  6:46  Marine  
  113  6:56  SCV  
  113  6:58  Barracks x2  
  113  6:59  SCV  
  114  7:04  Widow Mine x2  
  114  7:06  Supply Depot  
  119  7:08  SCV  
  119  7:11  SCV  
  120  7:16  Marine x2  
  120  7:17  Marauder x2  
  120  7:20  Supply Depot  
  120  7:22  Medivac x2  
  128  7:25  SCV  
  128  7:28  Widow Mine  
  128  7:29  Widow Mine  
  135  7:35  Supply Depot  
  132  7:39  Orbital Command  
  132  7:40  SCV x2  
  132  7:41  Marine  
  132  7:44  Marauder  
  135  7:48  Barracks Reactor, Barracks Tech Lab  
  134  7:51  Marine  
  134  7:52  SCV  
  134  7:54  Marauder  
  136  8:00  Widow Mine x2  
  136  8:01  Medivac x2  
  144  8:07  Marine x2  
  144  8:09  Marauder  
  144  8:10  SCV x3  
  150  8:13  Supply Depot  
  150  8:15  Marauder  
  150  8:19  Marine  
  151  8:22  SCV  
  151  8:24  Widow Mine x2  
  151  8:26  Marauder, Supply Depot, Marine x2  
  158  8:27  SCV  
  158  8:30  SCV, Medivac  
  159  8:34  SCV, Marine  
  159  8:36  Marine  
  159  8:37  Marauder  
  159  8:39  SCV  
  159  8:41  Marine  
  161  8:42  SCV  
  161  8:43  Marine  
  161  8:46  Widow Mine  
  161  8:47  SCV  
  163  8:48  Engineering Bay, Armory  
  163  8:53  Marauder  
  161  8:55  Marine x2  
  161  8:59  Command Center  
  157  9:07  Refinery, Marine  
  157  9:08  Marine x3  
  160  9:11  SCV  

Tags
 
Add a new tag
Caveats
  • Supply blocks, unpowered buildings, or Contaminate may cause inaccurate times.
  • Supply counts are checked every 10 seconds.